 Dungeon Crawl Stone Soup version 0.29-a0-468-ge57f7f99b4 (webtiles) character file.

Game seed: 10916850250408143110

693030 Pelinal the Petrodigitator (level 27, -3/175 HPs)
             Began as a Gargoyle Earth Elementalist on May 21, 2022.
             Was a Priest of Sif Muna.
             Killed from afar by Xyzuuh the pandemonium lord (54 damage)
             ... with a great blast of fire
             ... in Pandemonium on May 22, 2022.
             The game lasted 06:12:36 (101297 turns).

Pelinal the Petrodigitator (GrEE)                 Turns: 101297, Time: 06:12:36

Health: -3/175     AC: 50    Str: 19    XL:     27
Magic:  23/38      EV: 20    Int: 29    God:    Sif Muna [***...]
Gold:   10518      SH: 14    Dex: 22    Spells: 2/56 levels left

rFire   + + .      SeeInvis .   b - staff of earth
rCold   + . .      Faith    .   Z - +0 kite shield {reflect}
rNeg    + + +      Spirit   .   D - +6 acid dragon scales
rPois   ∞          Reflect  +   o - +2 hat of Apathy {rElec rN++ Str+2 Int-2}
rElec   +          Harm     .   i - +2 cloak {Will+}
rCorr   +          Rampage  .   K - +2 pair of gloves "Huit Zobooxt" {*Corrode +Inv Dex+7}
Will    +++..                   V - +2 pair of boots
Stlth   ++++......              I - amulet "Zucog" {Acrobat Regen+}
HPRegen 1.19/turn               T - ring "Goma" {Wiz rF+}
MPRegen 0.26/turn               a - ring "Deofonu" {rN+ Str+6 Int+4 Dex+5}

@: resistant, channelling, flying, hasted, studying 2 skills, very quick
A: sickness immunity, AC +20, big wings, negative energy resistance 1,
electricity resistance, torment resistance 1, petrification resistance, dopey 1,
low MP 1, shaggy fur 1, weak 1, noise suppression
}: 6/15 runes: barnacled, slimy, silver, demonic, fiery, gossamer
a: Renounce Religion, Evoke Invisibility, Channel Magic, Forget Spell


You were in Pandemonium.
You worshipped Sif Muna.
Sif Muna was most pleased with you.
You visited 11 branches of the dungeon, and saw 52 of its levels.
You visited Pandemonium 2 times, and saw 6 of its levels.
You visited the Abyss 2 times.
You also visited: Ossuary, Bailey, Gauntlet and Ice Cave.

You collected 14315 gold pieces.
You spent 3797 gold pieces at shops.

Inventory:

Armour
 i - a +2 cloak of willpower (worn)
 o - the +2 hat of Apathy (worn) {rElec rN++ Str+2 Int-2}
   (You found it in Pandemonium)

   Str:       It affects your strength (+2).
   Int:       It affects your intelligence (-2).
   rElec:     It insulates you from electricity.
   rN:        It greatly protects you from negative energy.
 v - a +2 cloak of preservation
 B - +4 fire dragon scales {Xtahua}
 D - +6 acid dragon scales (worn)
 K - the +2 pair of gloves "Huit Zobooxt" (worn) {*Corrode +Inv Dex+7}
   (You found it in a Gauntlet)

   Dex:       It affects your dexterity (+7).
   +Inv:      It lets you turn invisible.
   *Corrode:  It may corrode you when you take damage.
 V - a +2 pair of boots (worn)
 X - a +0 tower shield of protection
 Z - a +0 kite shield of reflection (worn)
Magical Staves
 b - a staff of earth (weapon)
Jewellery
 a - the ring "Deofonu" (right hand) {rN+ Str+6 Int+4 Dex+5}
   (You acquired it on level 3 of the Depths)

   [ring of strength]

   Str:       It affects your strength (+6).
   Int:       It affects your intelligence (+4).
   Dex:       It affects your dexterity (+5).
   rN:        It protects you from negative energy.
 h - a ring of see invisible
 x - the macabre finger necklace {rN+}
   (You took it off a minotaur in a Gauntlet)

   [amulet of nothing]

   It enables you to equip an extra ring.
   rN:        It protects you from negative energy.
 C - the ring of Doors {rElec rN++ Dex+6}
   (You found it in Pandemonium)

   [ring of dexterity]

   Dex:       It affects your dexterity (+6).
   rElec:     It insulates you from electricity.
   rN:        It greatly protects you from negative energy.
 H - a ring of protection from cold
 I - the amulet "Zucog" (around neck) {Acrobat Regen+}
   (You found it in a Gauntlet)

   [amulet of the acrobat]

   It increases your evasion while moving and waiting.
   Regen:     It increases your rate of health regeneration.
 L - a ring of willpower
 T - the ring "Goma" (left hand) {Wiz rF+}
   (You found it on level 2 of the Vaults)

   [ring of wizardry]

   It improves your spell success rate.
   rF:        It protects you from fire.
 Y - a ring of magical power
Wands
 k - a wand of iceblast (29)
 y - a wand of paralysis (7)
 O - a wand of acid (18)
 W - a wand of digging (16)
Scrolls
 e - 10 scrolls of fear
 f - 17 scrolls of teleportation
 g - 6 scrolls of amnesia
 m - 3 scrolls of torment
 n - 7 scrolls of blinking
 r - 8 scrolls of immolation
 t - 8 scrolls of fog
 u - 2 scrolls of enchant armour
 G - 7 scrolls of summoning
 J - 6 scrolls of poison
 Q - 4 scrolls of magic mapping
Potions
 c - a potion of magic
 d - 15 potions of lignification
 p - 7 potions of haste
 q - a potion of heal wounds
 s - 9 potions of brilliance
 z - 21 potions of curing
 A - 15 potions of mutation
 F - 11 potions of attraction
 M - 7 potions of ambrosia
 N - 4 potions of cancellation
 P - 3 potions of invisibility
 R - 2 potions of resistance
Miscellaneous
 j - a tin of tremorstones (2/2)
 l - a box of beasts
 w - a lightning rod (4/4)
 E - a phial of floods
 S - a condenser vane
 U - a phantom mirror


   Skills:
 - Level 18.7 Fighting
 - Level 12.0 Staves
 - Level 6.0 Throwing
 - Level 13.7 Armour
 - Level 12.8 Dodging
 - Level 7.2 Stealth
 - Level 13.6 Shields
 - Level 15.4 Spellcasting
 - Level 17.7 Conjurations
 - Level 7.4 Hexes
 + Level 11.5 Necromancy
 - Level 4.1 Translocations
 + Level 11.5 Transmutations
 - Level 10.0 Fire Magic
 O Level 27 Earth Magic
 - Level 17.0 Invocations
 - Level 11.5 Evocations


You had 2 spell levels left.
You knew the following spells:

 Your Spells              Type           Power      Damage    Failure   Level
a - Iron Shot             Conj/Erth      61%        9d11      1%          6
b - Orb of Destruction    Conj           45%        9d12      1%          7
c - Lee's Rapid Deconstr  Erth           66%        3d31*     0%          5
d - Fireball              Conj/Fire      40%        3d16      1%          5
f - Borgnjor's Vile Clut  Necr/Erth      58%        N/A       1%          5
g - Shatter               Erth           66%        3d49*     3%          9
h - Yara's Violent Unrav  Hex/Tmut       33%        3d14      1%          5
A - Passwall              Tmut/Erth      96%        N/A       0%          2
F - Blink                 Tloc           92%        N/A       1%          2
N - Necromutation         Tmut/Necr      36%        N/A       71%         8

Your spell library contained the following spells:

 Spells                   Type           Power      Damage    Failure   Level
 Foxfire                  Conj/Fire      100%       2x1d9     0%          1
 Magic Dart               Conj           100%       1d8       0%          1
 Sandblast                Erth           100%       2d20      0%          1
 Searing Ray              Conj           100%       2d8       0%          2
 Apportation              Tloc           92%        N/A       1%          1
 Beastly Appendage        Tmut           100%       N/A       1%          1
 Freeze                   Ice            88%        1d10      1%          1
 Necrotize                Necr           100%       1d9       1%          1
 Shock                    Conj/Air       100%       1d9       1%          1
 Slow                     Hex            100%       N/A       1%          1
 Sting                    Tmut/Pois      100%       1d8       1%          1
 Summon Small Mammal      Summ           88%        N/A       1%          1
 Ensorcelled Hibernation  Hex/Ice        88%        N/A       1%          2
 Scorch                   Fire           100%       2d10      1%          2
 Static Discharge         Conj/Air       65%        N/A       1%          2
 Wereblood                Tmut           73%        N/A       1%          2
 Call Imp                 Summ           22%        N/A       3%          2
 Poisonous Vapours        Pois/Air       44%        N/A       3%          2
 Stone Arrow              Conj/Erth      100%       3d13      0%          3
 Petrify                  Tmut/Erth      100%       N/A       0%          4
 Confusing Touch          Hex            60%        N/A       1%          3
 Conjure Flame            Conj/Fire      80%        6-21      1%          3
 Dazzling Flash           Conj/Hex       100%       N/A       1%          3
 Gell's Gravitas          Tloc           46%        N/A       1%          3
 Ignite Poison            Fire/Tmut/Pois 59%        N/A       1%          3
 Inner Flame              Hex/Fire       64%        N/A       1%          3
 Lesser Beckoning         Tloc           46%        N/A       1%          3
 Mephitic Cloud           Conj/Pois/Air  54%        N/A       1%          3
 Spider Form              Tmut/Pois      53%        N/A       1%          3
 Summon Guardian Golem    Hex/Summ       44%        N/A       1%          3
 Teleport Other           Tloc           46%        N/A       1%          3
 Tukima's Dance           Hex            60%        N/A       1%          3
 Vampiric Draining        Necr           73%        2d11      1%          3
 Anguish                  Hex/Necr       33%        N/A       1%          4
 Animate Armour           Summ/Erth      100%       N/A       1%          4
 Animate Dead             Necr           73%        N/A       1%          4
 Cause Fear               Hex            30%        N/A       1%          4
 Dispel Undead            Necr           73%        3d24      1%          4
 Flame Wave               Conj/Fire      80%        2d14      1%          4
 Fulminant Prism          Conj/Hex       38%        3d18      1%          4
 Hailstorm                Conj/Ice       65%        3d14      1%          4
 Ice Form                 Ice/Tmut       53%        N/A       1%          4
 Iskenderun's Mystic Bla  Conj/Tloc      72%        2d15      1%          4
 Leda's Liquefaction      Hex/Erth       55%        N/A       1%          4
 Sticky Flame             Conj/Fire      80%        2d9       1%          4
 Agony                    Necr           73%        N/A       1%          5
 Blade Hands              Tmut           36%        N/A       1%          5
 Irradiate                Conj/Tmut      41%        3d27      1%          5
 Iskenderun's Battlesphe  Conj           90%        2d14      1%          5
 Lightning Bolt           Conj/Air       32%        1d50      1%          5
 Starburst                Conj/Fire      40%        6d11      1%          6
 Lehudib's Crystal Spear  Conj/Erth      61%        10d14     1%          8
 Death Channel            Necr           36%        N/A       2%          6
 Passage of Golubria      Tloc           46%        N/A       3%          4
 Corpse Rot               Necr/Pois/Air  44%        N/A       4%          4
 Freezing Cloud           Conj/Ice/Air   27%        6-21      4%          5
 Alistair's Intoxication  Tmut/Pois      35%        N/A       5%          5
 Call Canine Familiar     Summ           22%        N/A       6%          3
 Frozen Ramparts          Ice            44%        1d6       6%          3
 Ozocubu's Armour         Ice            22%        N/A       6%          3
 Swiftness                Air            22%        N/A       6%          3
 Conjure Ball Lightning   Conj/Air       32%        3x3d10    9%          6
 Manifold Assault         Tloc           46%        N/A       10%         5
 Metabolic Englaciation   Hex/Ice        22%        N/A       12%         5
 Silence                  Hex/Air        22%        N/A       12%         5
 Summon Mana Viper        Hex/Summ       44%        N/A       12%         5
 Dragon Form              Tmut           36%        N/A       16%         7
 Airstrike                Air            11%        N/A       19%         4
 Summon Ice Beast         Ice/Summ       22%        N/A       19%         4
 Summon Lightning Spire   Summ/Air       22%        N/A       19%         4
 Summon Forest            Summ/Tloc      17%        N/A       22%         5
 Eringya's Noxious Bog    Tmut/Pois      26%        N/A       26%         6
 Simulacrum               Ice/Necr       27%        N/A       26%         6
 Spellforged Servitor     Conj/Summ      32%        N/A       38%         7
 Dispersal                Tloc           23%        N/A       45%         6
 Enfeeble                 Hex            30%        N/A       58%         7
 Borgnjor's Revivificati  Necr           36%        N/A       71%         8
 Infestation              Necr           36%        N/A       71%         8
 Haunt                    Necr/Summ      27%        N/A       80%         7
 Storm Form               Tmut/Air       26%        N/A       80%         7
 Ignition                 Fire           34%        3d11      88%         8
 Summon Cactus Giant      Summ           11%        N/A       95%         6
 Discord                  Hex            30%        N/A       99%         8
 Fire Storm               Conj/Fire      40%        8d10      99%         9
 Monstrous Menagerie      Summ           11%        N/A       100%        7
 Summon Hydra             Summ           11%        N/A       100%        7
 Maxwell's Capacitive Co  Air            11%        ∞         100%        8
 Chain Lightning          Conj/Air       32%        3d43      100%        9
 Death's Door             Necr           36%        N/A       100%        9
 Polar Vortex             Ice            11%        N/A       100%        9
 Statue Form              Tmut/Erth      Unusable   N/A       N/A         6

Dungeon Overview and Level Annotations

Branches:
Dungeon (15/15)            Temple (1/1) D:7            Lair (6/6) D:8
 Shoals (4/4) Lair:3       Spider (4/4) Lair:2        Slime (5/5) Lair:5
    Orc (2/2) D:9             Elf (3/3) Orc:2        Vaults (5/5) D:13
  Crypt (3/3) Vaults:2       Tomb (0/3) Crypt:3      Depths (4/4) D:15
    Zot (0/5) Depths:4    Ossuary (visited)          Bailey (visited)
  IceCv (visited)         Gauntlet (visited)

Altars:
Ashenzari
Cheibriados
Elyvilon
Gozag
Hepliaklqana
Kikubaaqudgha
Okawaru
Qazlal
Ru
Sif Muna
Uskayaw
Yredelemnul
Beogh
Jiyva

Shops:
D:4 *   D:7 :   D:15 *   Orc:1 *   Orc:2 [[:   Elf:1 :   Depths:1 (![

Portals:
Hell: Depths:1 Depths:2 Depths:3 Depths:4
Abyss: Depths:3
Pandemonium: Depths:1 Depths:2
Ziggurat: Depths:2
Trove: D:12 (give +3 gold dragon scales)

Annotations:
D:6 1 runed translucent door, pigah's ghost, novice OpAE
D:7 exclusion: hornet
Shoals:3 Mara
Spider:2 1 runed translucent door, Efoceph's ghost, adept GnFi
Elf:1 4 runed translucent doors, exclusion: 4 doors, Frances
Elf:2 3 runed translucent doors, exclusion: 3 doors
Crypt:1 2 runed translucent doors, Luix's ghost, veteran MiGl


Innate Abilities, Weirdness & Mutations

You are immune to sickness and miasma.
Your stone body is resilient. (AC +20)
You are immune to poison.
Your large and strong wings let you fly.
You resist negative energy. (rN+)
You are resistant to electric shocks. (rElec)
You are resistant to unholy torment.
You are immune to petrification.
You are dopey. (Int -2)
Your magical capacity is low. (-10% MP)
You are covered in fur. (AC +1)
You are weak. (Str -2)
You passively dampen the noise of your surroundings.


Message History

4 fire vortices come into view.
Blink to where?
Press: ? - help, Dir - move target, p - Xyzuuh The zombie hands lose their grip on something.
As you read the scroll of blinking, it crumbles to dust.
The fire vortex moves out of view.
Okay, then.
Xyzuuh gestures at you. The bolt of lightning hits you! You resist.
* * * LOW HITPOINT WARNING * * *
You reach down and open the door.
There is an open door here.
You feel much better.
You feel yourself speed up. Xyzuuh gestures at you.
The bolt of lightning misses you. x2
Xyzuuh gestures at you. The bolt of lightning hits you. You resist.
The bolt of lightning hits you. You resist.
* * * LOW HITPOINT WARNING * * *
Casting: Borgnjor's Vile Clutch (safe; 1% risk of failure)
Confirm with . or Enter, or press ? or * to list all spells.
Aiming: Borgnjor's Vile Clutch (safe; 1% risk of failure)
Press: ? - help, Shift-Dir - straight line You feel a surge of power!
Zombie hands grab Xyzuuh.
The zombie hands constrict Xyzuuh!
Xyzuuh struggles to escape constriction.
Casting: Borgnjor's Vile Clutch (safe; 1% risk of failure)
Confirm with . or Enter, or press ? or * to list all spells.
Aiming: Iron Shot (safe; 1% risk of failure)
Press: ? - help, Shift-Dir - straight line, f - Xyzuuh
Aim: Xyzuuh (lightly wounded, constricted by zombie hands, 98% to hit)
You feel a surge of power!
The iron shot hits Xyzuuh!!!
Xyzuuh is heavily wounded.
The zombie hands constrict Xyzuuh!
Xyzuuh gestures at you.
A raging storm of fire appears!
The great blast of fire engulfs you!!! You partially resist.
You die...

######...######.....
#.............#.....#
#.#.#.#.#.#.#.#.....#
#.............#.....#
#.#.##'#'##.#.#.....#
##...##.#.##.........# ...
.###..#.'.#.#...#.......#
.... .......##...##.........#
.... ##..#.@.#.#...#.......#
..... ##...##.#.##...#.....#
...####.#&##.#.##.........#
#...#.............#.....#
#..§#.#.#.#.....#.#.....#
#...#.....&.......#.....#
.(###...######.).###.##.....#
.......°.☼°v○#....##........#
..###..&v°v°°........[......#


You could see Xyzuuh (clutched).

Vanquished Creatures
  Cerebov (Pan)
  the Royal Jelly (Slime:5)
  2 dread liches (Vaults:5)
  Khufu (Crypt:3)
  2 ancient liches
  Mennas (Pan)
  A juggernaut (Depths:4)
  Boris (Depths:4)
  3 pandemonium lords (Pan)
  A caustic shrike (Depths:3)
  Nikola (Shoals:1)
  Xtahua (Crypt:2)
  A golden dragon (Depths:4)
  2 profane servitors
  2 bone dragons
  Arachne (Spider:3)
  The ghost of holysushi the Acrobat, a veteran KoMo of Dithmenos (Vaults:1)
  A Tzitzimitl (Pan)
  10 Brimstone Fiends (Pan)
  2 hellephants
  8 tentacled monstrosities
  Mlioglotl (Shoals:4)
  Jorgrun (Shoals:1)
  12 liches
  A walking earthen tome (Depths:4)
  10 Ice Fiends (Pan)
  18 acid blobs
  2 deep elf blademasters (Elf:3)
  A quicksilver dragon (Vaults:5)
  6 titans
  2 deep elf master archers (Elf:3)
  A kraken (Shoals:3)
  4 ancient champions
  Polyphemus (Shoals:2)
  8 sphinxes
  4 Executioners
  17 tentacled starspawn
  Kirke (Elf:1)
  7 tengu reavers
  7 storm dragons
  7 azure jellies
  5 rockslimes (Slime:5)
  Donald (Shoals:2)
  11 demonspawn warmongers (Pan)
  Ilsuiw (Shoals:3)
  A daeva (Abyss:3)
  8 shadow dragons
  3 revenants
  6 deep elf sorcerers
  9 frost giants
  2 draconian scorchers
  4 emperor scorpions
  2 orc warlords
  21 vault wardens
  31 balrugs
  8 fire giants
  4 iron dragons
  3 draconian shifters
  A curse skull (Crypt:2)
  11 cacodemons (Pan)
  Louise (Shoals:2)
  5 spriggan defenders (Depths:3)
  2 angels
  3 ghost moths
  25 ironbound preservers
  5 demonspawn blood saints (Pan)
  7 reapers (Pan)
  6 ghouls
  9 quicksilver oozes
  A juggernaut skeleton (D:15)
  46 very ugly things
  6 demonspawn corrupters (Pan)
  9 stone giants
  4 deep elf elementalists
  8 vampire knights
  A black draconian (Depths:4)
  8 ironbound thunderhulks
  7 broodmothers
  The ghost of Foxy the Fighter, a journeyman PaFi of Dithmenos (D:14)
  6 war gargoyles
  2 caustic shrike skeletons
  A minotaur (Gauntlet)
  12 deep elf demonologists
  12 lorocyprocas
  Nessos (Orc:2)
  2 demonspawn black suns (Pan)
  5 dire elephants
  A spark wasp (shapeshifter) (Vaults:1)
  2 white draconians (Depths:4)
  4 entropy weavers
  9 deep elf annihilators
  8 spark wasps
  A red draconian (Depths:4)
  8 eidola
  2 purple draconians (Depths:4)
  13 ettins
  4 green deaths (Pan)
  11 deep elf death magi
  6 deep elf high priests
  6 blizzard demons (Pan)
  2 mummy priests (Crypt:3)
  5 crystal guardians
  2 merfolk impalers
  30 jiangshi
  7 merfolk javelineers
  18 yaktaur captains
  14 great orbs of eyes
  4 fire dragons
  30 vault guards
  6 rakshasas
  9 ice dragons
  2 spriggan skeletons
  A spriggan zombie (Depths:2)
  10 boulder beetles
  6 peacekeepers
  10 hydras
  A jorogumo (Spider:1)
  7 ironbound frosthearts
  4 spriggan air magi
  A radroach (Spider:2)
  17 centaur warriors
  4 ogre magi
  6 merfolk aquamancers
  Fannar (Orc:1)
  2 catoblepae
  3 hell beasts
  An alligator snapping turtle (Shoals:4)
  10 death knights
  9 two-headed ogres
  5 merfolk avatars
  5 naga warriors
  5 deep troll shamans (Depths:2)
  2 death yaks (shapeshifter)
  2 satyrs
  12 death yaks
  14 dancing weapons
  10 tengu warriors
  5 vampire magi
  Urug (Orc:1)
  11 hell hogs
  6 deep troll earth magi
  4 orc high priests
  30 thrashing horrors
  3 spriggan berserkers
  6 iron trolls
  76 sun demons
  10 wretched stars
  12 shadow wraiths
  2 titan skeletons (Crypt:1)
  10 deep elf knights
  A salamander mystic (Depths:4)
  10 soul eaters
  3 sun moths
  Lodul (D:13)
  14 sixfirhies
  5 spatial maelstroms
  A fire crab (Lair:6)
  6 pharaoh ants
  2 spark wasp zombies
  35 skeletal warriors
  8 steelbarb worms
  12 shadow demons
  8 sea snakes
  A bog body (Crypt:2)
  81 deep trolls
  10 glowing orange brains
  10 flayed ghosts
  53 starcursed masses
  12 orb spiders
  9 lindwurms
  An orb spider (shapeshifter) (D:13)
  8 wizards
  A bunyip skeleton (Abyss:1)
  11 phantasmal warriors
  9 deep elf archers
  A deep troll (shapeshifter) (Abyss:5)
  19 deep elf pyromancers
  A mana viper (Abyss:3)
  23 harpies
  13 deep elf zephyrmancers
  8 orc knights
  7 shining eyes
  16 ironbound convokers
  6 necromancers
  12 fauns
  60 ugly things
  A frost giant zombie (D:15)
  A tengu skeleton (Depths:2)
  An orc sorcerer (Orc:1)
  7 elephants
  3 fire giant zombies
  A shining eye (shapeshifter) (Depths:3)
  16 wolf spiders
  A faun (shapeshifter) (Vaults:5)
  13 manticores
  A shadow dragon skeleton (Crypt:2)
  A spectral centaur (Crypt:3)
  A salamander (shapeshifter) (D:14)
  8 salamanders
  5 worldbinders
  9 cyclopes
  A fire giant skeleton (Depths:2)
  3 apocalypse crabs
  4 moths of wrath
  9 merfolk sirens
  16 vault sentinels
  4 guardian serpents
  A frost giant skeleton (Depths:2)
  3 black mambas
  A dire elephant zombie (Crypt:1)
  3 rust devils
  A naga mage (Abyss:5)
  A cane toad (shapeshifter) (Abyss:5)
  10 water nymphs
  An ice statue (IceCv)
  3 eyes of devastation
  28 smoke demons
  A water nymph (shapeshifter) (Abyss:3)
  20 orange demons
  12 cane toads
  An unseen horror (Abyss:5)
  A red draconian zombie (Crypt:1)
  3 kobold demonologists
  A grey draconian zombie (Crypt:2)
  7 hellions (Pan)
  Psyche (D:11)
  6 torpor snails
  5 rime drakes
  15 demonic crawlers
  12 komodo dragons
  A redback zombie (Crypt:1)
  56 yaktaurs
  13 freezing wraiths
  A yaktaur (shapeshifter) (Depths:2)
  A spectral harpy (Crypt:3)
  12 ancient zymes
  7 guardian mummies (Crypt:3)
  An ice devil (Pan)
  3 tengu conjurers
  3 human skeletons (Vaults:1)
  2 tormentors
  7 wind drakes
  13 efreet
  14 polar bears
  21 merfolk
  8 hellwings
  A shadow dragon simulacrum (Depths:2)
  3 red devils (Pan)
  Prince Ribbit (D:8)
  2 trolls
  2 meliai (Spider:4)
  9 hornets
  A polar bear (shapeshifter) (Abyss:3)
  A wolf spider simulacrum (D:14)
  33 blink frogs
  A hornet (shapeshifter) (Elf:1)
  24 tarantellas
  106 slime creatures
  A hydra skeleton (Crypt:2)
  8 snapping turtles
  33 raiju
  A harpy skeleton (Crypt:3)
  12 dream sheep
  59 flying skulls
  34 jumping spiders
  8 spriggans
  A jumping spider (shapeshifter) (Vaults:5)
  An ettin skeleton (Vaults:1)
  12 water elementals
  An ice dragon skeleton (Crypt:2)
  8 vampires
  2 air elementals (Elf:3)
  7 fire elementals
  12 wraiths
  55 yaks
  5 basilisks
  19 culicivoras
  8 wyverns
  24 ynoxinuls
  8 shadows
  8 humans (D:13)
  3 fire bats (Lair:5)
  2 basilisks (shapeshifter)
  10 golden eyes
  16 small abominations
  A vampire mosquito (D:14)
  17 neqoxecs
  A steam dragon (D:7)
  13 chaos spawn
  4 spatial vortices (Abyss:5)
  5 wargs
  A merfolk zombie (Crypt:1)
  48 redbacks
  A harpy simulacrum (Crypt:1)
  An acid dragon (shapeshifter) (Gauntlet)
  17 water moccasins
  3 acid dragons
  3 nagas
  4 hell hounds
  42 large abominations
  2 floating eyes (Depths:3)
  47 orc warriors
  5 ice beasts
  A sky beast (D:6)
  A hornet zombie (Crypt:2)
  7 black bears
  11 ogres
  38 wolves
  9 boggarts
  30 centaurs
  A lindwurm skeleton (Crypt:1)
  A hog skeleton (Crypt:2)
  7 kobold brigands
  2 phantoms
  12 bullfrogs
  8 necrophages
  6 scorpions
  A naga simulacrum (Abyss:5)
  A gnoll sergeant (D:11)
  4 earth elementals
  8 wights
  2 troll zombies (D:9)
  A raiju skeleton (Crypt:1)
  A howler monkey (D:10)
  7 electric eels
  4 crimson imps (Pan)
  A lava snake (Lair:5)
  2 quasits
  A hound (D:6)
  4 jellies
  11 orc priests
  5 human zombies
  Jessica (D:3)
  4 iguanas
  18 orc wizards
  Natasha (twice) (D:3)
  11 hell rats
  6 ogre zombies (D:9)
  2 centaur simulacra
  An acid dragon skeleton (Crypt:2)
  2 hound zombies (Ossuary)
  3 mummies (Ossuary)
  17 gnolls
  8 adders
  A shadow imp (D:7)
  8 white imps
  2 howler monkey simulacra (D:8)
  3 ufetubi
  An adder skeleton (Crypt:2)
  3 adder zombies (Ossuary)
  3 worms
  3 dart slugs
  44 orcs
  5 bats
  2 endoplasms
  9 giant cockroaches
  12 goblins
  7 hobgoblins
  8 jackals
  23 kobolds
  2 quokkas
  9 ball pythons
  2 frilled lizards
  A frilled lizard skeleton (Crypt:1)
  A gnoll zombie (Ossuary)
  9 goblin zombies
  7 hobgoblin zombies
  4 jackal zombies
  A kobold zombie (Ossuary)
  3 orc skeletons (D:9)
  18 orc zombies
  3 quokka zombies (Ossuary)
  4 rats
  4 rat zombies (Ossuary)
  A butterfly (Lair:2)
  3 fulminant prisms
  4 lurking horrors
  7 starspawn tentacles
3130 creatures vanquished.

Vanquished Creatures (collateral kills)
  A balrug (Pan)
  A hydra (Lair:5)
  2 sun demons (Pan)
4 creatures vanquished.

Vanquished Creatures (others)
  A lorocyproca (Pan)
  A vault guard (Vaults:5)
  A soul eater (Pan)
  A deep elf archer (Elf:3)
  A wolf spider (Spider:4)
  A manticore (D:15)
  4 humans
  A golden eye (Abyss:5)
  A boggart (shapeshifter) (Vaults:5)
  2 demonic plants (Abyss:5)
  2 fire vortices (Slime:5)
  128 fulminant prisms
  42 fungi
  132 plants
  18 starspawn tentacles
  5 tentacles (Shoals:3)
  9 withered plants (D:15)
350 creatures vanquished.

Grand Total: 3484 creatures vanquished

Notes
Turn   | Place    | Note
-------+----------+-------------------------------------------
     0 | D:1      | Pelinal the Gargoyle Earth Elementalist began the quest for
                  | the Orb.
     0 | D:1      | Reached XP level 1. HP: 10/10 MP: 3/3
    58 | D:1      | Reached skill level 4 in Earth Magic
   161 | D:1      | Reached XP level 2. HP: 15/15 MP: 3/5
   197 | D:1      | Found a faded altar of an unknown god.
   302 | D:1      | Learned a level 2 spell: Passwall
   475 | D:1      | You fall into a shaft and drop 1 floor!
   809 | D:1      | Reached XP level 3. HP: 18/19 MP: 4/6
   858 | D:1      | Reached skill level 5 in Earth Magic
  1799 | D:2      | Reached XP level 4. HP: 24/24 MP: 5/7
  1848 | D:2      | Reached skill level 6 in Earth Magic
  2402 | D:3      | Learned a level 3 spell: Stone Arrow
  2806 | D:3      | Noticed Natasha
  2807 | D:3      | Noticed Jessica
  2848 | D:3      | Reached XP level 5. HP: 28/28 MP: 5/8
  2896 | D:4      | Reached skill level 1 in Conjurations
  2919 | D:4      | Found Hafal's General Store.
  2922 | D:4      | Bought 15 stones for 21 gold pieces
  2922 | D:4      | Bought 2 atropa-tipped darts for 16 gold pieces
  3583 | D:4      | Reached XP level 6. HP: 20/32 MP: 1/9
  3877 | D:5      | Entered Level 5 of the Dungeon
  4162 | D:5      | Noticed an ice beast
  4174 | D:5      | Killed an ice beast
  4175 | D:5      | Reached skill level 5 in Stealth
  4175 | D:5      | Reached XP level 7. HP: 36/36 MP: 3/10
  4707 | D:5      | Reached skill level 5 in Conjurations
  5415 | D:6      | Found a sand-covered staircase.
  5449 | D:6      | Noticed a wyvern
  5459 | D:6      | Killed a wyvern
  5473 | Ossuary  | Entered an ossuary
  6022 | Ossuary  | Reached XP level 8. HP: 41/41 MP: 7/11
  6852 | D:6      | Reached skill level 7 in Earth Magic
  7701 | D:6      | Reached skill level 1 in Staves
  7775 | D:6      | Reached skill level 1 in Evocations
  7841 | D:6      | Noticed a troll
  7987 | D:6      | Killed a troll
  8071 | D:6      | Reached XP level 9. HP: 30/45 MP: 5/12
  8291 | D:6      | Found a runed translucent door.
  8353 | D:6      | Noticed pigah's ghost (novice OpAE)
  8420 | D:7      | Learned a level 4 spell: Petrify
  8598 | D:7      | Noticed a two-headed ogre
  8606 | D:7      | Killed a two-headed ogre
  8607 | D:7      | Reached skill level 5 in Staves
  8853 | D:7      | Found a staircase to the Ecumenical Temple.
  8862 | Temple   | Entered the Ecumenical Temple
  8872 | Temple   | Became a worshipper of Sif Muna the Loreminder
  9079 | D:7      | Found Asoukh's Self-Improvement Boutique.
  9197 | D:7      | Found an opulent altar of Gozag.
  9197 | D:7      | Noticed a hornet
  9583 | D:3      | Killed Natasha
  9584 | D:3      | Killed Jessica
  9629 | D:3      | Found a snail-covered altar of Cheibriados.
  9671 | D:3      | Noticed Natasha
  9675 | D:3      | Killed Natasha
  9839 | D:8      | Identified the +1 leather armour of Snakes and Ladders
                  | {-Tele Will- Dex+4 SInv}
  9929 | D:8      | Noticed a polar bear
  9945 | D:8      | Killed a polar bear
  9946 | D:8      | Reached skill level 5 in Invocations
 10100 | D:8      | Noticed Prince Ribbit
 10121 | D:8      | Reached XP level 10. HP: 48/50 MP: 6/14
 10261 | D:8      | Reached skill level 1 in Transmutations
 10841 | D:8      | Found a hide-covered altar of Uskayaw.
 11119 | D:8      | Found a staircase to the Lair.
 11314 | D:8      | Reached * piety under Sif Muna
 11531 | D:8      | Killed Prince Ribbit
 11532 | D:8      | Reached skill level 5 in Transmutations
 12146 | D:9      | Noticed a two-headed ogre
 12190 | D:9      | Killed a two-headed ogre
 12191 | D:9      | Reached skill level 8 in Earth Magic
 12259 | D:9      | Found a flagged portal.
 12266 | Bailey   | Entered a bailey
 12538 | Bailey   | Reached XP level 11. HP: 34/54 MP: 11/16
 12703 | Bailey   | Identified the +0 plate armour of the Ward {Harm Str+6}
 12763 | Bailey   | Reached ** piety under Sif Muna
 13239 | D:9      | Found a staircase to the Orcish Mines.
 13639 | D:9      | Reached *** piety under Sif Muna
 14075 | D:10     | Entered Level 10 of the Dungeon
 14996 | D:10     | Identified 3 scrolls of acquirement
 15059 | D:9      | Acquired 1125 gold pieces
 15157 | D:7      | Bought a manual of Invocations for 880 gold pieces
 15157 | D:7      | Bought a manual of Fighting for 880 gold pieces
 15162 | D:7      | Acquired the +4 buckler of the Coconut {rC- Will+ Regen+}
 15164 | D:7      | Acquired a staff of earth
 15232 | Lair:1   | Entered Level 1 of the Lair of Beasts
 15508 | Lair:1   | Reached skill level 10 in Invocations
 15589 | Lair:1   | Reached skill level 1 in Fighting
 15590 | Lair:1   | Reached skill level 1 in Shields
 16151 | Lair:1   | Reached skill level 5 in Fighting
 16416 | Lair:1   | Reached **** piety under Sif Muna
 16430 | Lair:1   | Reached XP level 12. HP: 66/70 MP: 7/19
 16969 | Lair:2   | Reached skill level 5 in Shields
 17396 | Lair:2   | Noticed a seven-headed hydra
 17403 | Lair:2   | Killed a seven-headed hydra
 17619 | Lair:2   | Noticed a boulder beetle
 17638 | Lair:2   | Killed a boulder beetle
 17908 | Lair:2   | Found a hole to the Spider Nest.
 17927 | Lair:2   | Reached skill level 10 in Fighting
 18143 | Lair:3   | Reached skill level 9 in Earth Magic
 18242 | Lair:3   | Reached skill level 5 in Evocations
 18491 | Lair:3   | Reached XP level 13. HP: 73/82 MP: 8/20
 18632 | Lair:3   | Reached skill level 10 in Earth Magic
 19207 | Lair:3   | Found a staircase to the Shoals.
 19615 | Lair:4   | Reached skill level 11 in Earth Magic
 19832 | Lair:4   | Found a hide-covered altar of Uskayaw.
 20167 | Lair:4   | Reached ***** piety under Sif Muna
 21231 | Lair:5   | Found a viscous altar of Jiyva.
 21231 | Lair:5   | Found a staircase to the Slime Pits.
 21263 | Lair:5   | Reached skill level 12 in Earth Magic
 22218 | Lair:6   | Entered Level 6 of the Lair of Beasts
 22298 | Lair:6   | Noticed a dire elephant
 22509 | Lair:6   | Reached skill level 13 in Earth Magic
 22513 | Lair:6   | Received a gift from Sif Muna
 22516 | Lair:6   | Gained mutation: Your large and strong wings let you fly.
                  | [Gargoyle growth]
 22516 | Lair:6   | Reached XP level 14. HP: 49/88 MP: 11/21
 22521 | Lair:6   | Got Sif Muna's Almanac of Execration {god gift}
 23200 | Lair:6   | Reached skill level 14 in Earth Magic
 23225 | Lair:5   | Reached skill level 10 in Evocations
 23640 | Lair:6   | Identified the +3 leather armour of Curiosity {rF+ Str+4}
 24397 | Lair:6   | Reached skill level 15 in Earth Magic
 24637 | Lair:6   | Killed a dire elephant
 25241 | D:10     | Found a stormy altar of Qazlal.
 25531 | D:10     | Learned a level 2 spell: Blink
 25536 | D:10     | Learned a level 4 spell: Fulminant Prism
 25654 | D:11     | Found a frozen archway.
 25663 | IceCv    | Entered an ice cave
 25719 | IceCv    | Reached skill level 1 in Hexes
 25719 | IceCv    | Reached skill level 1 in Translocations
 26102 | IceCv    | Got the Disquisition on Earth
 26306 | IceCv    | Received a gift from Sif Muna
 26983 | IceCv    | Reached skill level 5 in Spellcasting
 27783 | IceCv    | Reached XP level 15. HP: 77/93 MP: 1/23
 29288 | D:11     | Found a runed translucent door.
 29298 | D:11     | Noticed a sphinx
 29493 | D:11     | Acquired 1036 gold pieces
 29840 | D:11     | Noticed Psyche
 29845 | D:11     | Killed Psyche
 29946 | Orc:1    | Entered Level 1 of the Orcish Mines
 30212 | Orc:1    | Noticed an orc warlord
 30301 | Orc:1    | Killed an orc warlord
 30454 | Orc:1    | Found Afothen's Assorted Antiques.
 30464 | Orc:1    | Bought a runed leather armour for 165 gold pieces
 30464 | Orc:1    | Bought a triangular zirconium amulet for 165 gold pieces
 30696 | Orc:1    | Noticed Urug
 30697 | Orc:1    | Noticed Fannar
 30717 | Orc:1    | Killed Urug
 31233 | Orc:1    | Received a gift from Sif Muna
 31252 | Orc:1    | Got Qurookio's Disquisition on Shifting Confrontation {god
                  | gift}
 31399 | Orc:1    | Killed Fannar
 31576 | Orc:2    | Entered Level 2 of the Orcish Mines
 31590 | Orc:2    | Found a staircase to the Elven Halls.
 31648 | Orc:2    | Noticed Nessos
 31671 | Orc:2    | Killed Nessos
 32257 | Orc:2    | Reached skill level 5 in Dodging
 32273 | Orc:2    | Reached skill level 10 in Staves
 32502 | Orc:2    | Found Sudezxau's Book Boutique.
 32502 | Orc:2    | Found Bask's Armour Shoppe.
 32504 | Orc:2    | Found Onkosy's Antique Armour Emporium.
 32506 | Orc:2    | Found Etwuh's Weapon Shop.
 32510 | Orc:2    | Bought a book of Spectacle for 352 gold pieces
 32515 | Orc:2    | Learned a level 4 spell: Iskenderun's Mystic Blast
 33109 | D:12     | Learned a level 5 spell: Borgnjor's Vile Clutch
 33369 | D:12     | Found a gate leading to a gauntlet.
 33381 | Gauntlet | Entered a Gauntlet
 33381 | Gauntlet | Found a runed translucent door.
 33381 | Gauntlet | Found a transporter.
 33381 | Gauntlet | Found a runed translucent door.
 33381 | Gauntlet | Found a transporter.
 33384 | Gauntlet | Found a transporter.
 33385 | Gauntlet | Found a transporter.
 33385 | Gauntlet | Found a transporter.
 33388 | Gauntlet | Found a transporter.
 33394 | Gauntlet | Found a transporter.
 33399 | Gauntlet | Found a transporter.
 33401 | Gauntlet | Found a transporter.
 33401 | Gauntlet | Found a transporter.
 33416 | Gauntlet | Found a transporter.
 33416 | Gauntlet | Found a transporter.
 33556 | Gauntlet | Identified the +4 glaive of Agony {drain, rF+ Will+}
 33643 | Gauntlet | Identified the +2 pair of gloves "Huit Zobooxt" {*Corrode
                  | +Inv Dex+7}
 33852 | Gauntlet | Identified the amulet "Zucog" {Acrobat Regen+}
 33853 | Gauntlet | Got the Almanac of Creative Dark Arts
 34243 | D:12     | Found a portal to a secret trove of treasure.
 34818 | D:13     | Noticed Lodul
 35018 | D:13     | Killed Lodul
 35018 | D:13     | Received a gift from Sif Muna
 35065 | D:13     | Noticed Sonja
 35066 | D:13     | Noticed Sonja
 35066 | D:13     | Sonja changed into Sonja the blink frog
 35070 | D:13     | Killed Sonja the blink frog
 35262 | D:13     | Reached XP level 16. HP: 62/98 MP: 24/24
 35863 | D:13     | Found a gate to the Vaults.
 36816 | D:14     | Found a runed translucent door.
 36819 | D:14     | Noticed Foxy's ghost (journeyman PaFi)
 36819 | D:14     | Identified the +7 trident "Tuuramua" {flame, Dex+3}
 37553 | D:14     | Noticed a storm dragon
 37757 | Elf:1    | Entered Level 1 of the Elven Halls
 37757 | Elf:1    | Found a runed translucent gate.
 37757 | Elf:1    | Found a runed translucent gate.
 37757 | Elf:1    | Found a runed translucent gate.
 37757 | Elf:1    | Found a runed translucent gate.
 37757 | Elf:1    | Found a runed translucent gate.
 37757 | Elf:1    | Found a runed translucent gate.
 37758 | Elf:1    | Found a runed translucent door.
 37930 | Elf:1    | Noticed Kirke
 37937 | Elf:1    | Killed Kirke
 37967 | Elf:1    | Received a gift from Sif Muna
 37972 | Elf:1    | Got Sif Muna's Grimoire of Excruciating Changing {god gift}
 38184 | Elf:1    | Found a runed translucent door.
 38196 | Elf:1    | Found an ancient bone altar of Kikubaaqudgha.
 38235 | Elf:1    | Found Ogooluz's Book Shop.
 38243 | Elf:1    | Bought a book of Iron for 504 gold pieces
 38487 | Elf:1    | Reached skill level 1 in Armour
 38626 | Elf:1    | Noticed Frances
 38786 | Elf:1    | Reached skill level 1 in Necromancy
 39231 | Elf:2    | Found a shimmering blue altar of Sif Muna.
 39533 | Elf:2    | Noticed a fenstrider witch
 39533 | Elf:2    | a fire giant changed into a fenstrider witch
 39535 | Elf:2    | a fenstrider witch changed into an iron troll
 39539 | Elf:2    | Noticed an azure jelly
 39539 | Elf:2    | an iron troll changed into an azure jelly
 39541 | Elf:2    | an azure jelly changed into a death yak
 39756 | Elf:2    | Reached skill level 5 in Hexes
 40474 | Elf:2    | Found a runed translucent gate.
 40474 | Elf:2    | Found a runed translucent gate.
 40474 | Elf:2    | Found a runed translucent gate.
 40545 | Elf:3    | Entered Level 3 of the Elven Halls
 40564 | Elf:3    | Reached XP level 17. HP: 82/103 MP: 16/25
 41255 | Elf:3    | Reached skill level 5 in Armour
 42049 | Elf:3    | Identified the ring of Ticich {rElec rN+ rCorr Str-2 Dex-2}
 42054 | Elf:3    | Noticed an Ice Fiend
 42062 | Elf:3    | Noticed a deep elf blademaster
 42068 | Elf:3    | Killed a deep elf blademaster
 42303 | Elf:3    | Noticed a deep elf master archer
 42307 | Elf:3    | Noticed a deep elf blademaster
 42309 | Elf:3    | Killed a deep elf master archer
 42310 | Elf:3    | Reached skill level 10 in Conjurations
 42317 | Elf:3    | Killed a deep elf blademaster
 42352 | Elf:3    | Reached skill level 5 in Necromancy
 42375 | Elf:3    | Identified the +7 plate armour of Gaytimnu {rElec rPois
                  | Will-}
 42376 | Elf:3    | Identified the +4 lajatang of Arbitration {elec, Str+5}
 42376 | Elf:3    | Identified the +9 shadow dragon scales of Exclusion {Int+4
                  | Stlth++++}
 42378 | Elf:3    | Identified the +10 rapier of the Ring {protect, Dex+2}
 42378 | Elf:3    | Noticed a deep elf master archer
 42384 | Elf:3    | Killed a deep elf master archer
 42456 | Elf:3    | Identified the +1 long sword of Vure {vorpal, Str+3}
 42459 | Elf:3    | Noticed an Executioner
 42464 | Elf:3    | Noticed a Tzitzimitl
 42465 | Elf:3    | Noticed an Ice Fiend
 42472 | Elf:3    | Identified the +5 spear of Exquisite Death {vorpal, rN+
                  | Stlth+}
 42745 | Elf:3    | Identified the +6 fire dragon scales of Zot Ebbe {rF++ rC-
                  | Int+2}
 43170 | Spider:1 | Entered Level 1 of the Spider Nest
 43684 | Spider:1 | Reached XP level 18. HP: 112/112 MP: 16/27
 44796 | Spider:2 | Noticed Efoceph's ghost (adept GnFi)
 44797 | Spider:2 | Found a runed translucent door.
 45313 | Spider:2 | Received a gift from Sif Muna
 45325 | Spider:2 | Got Sif Muna's Handbook of Mutagenic Bewitchment {god gift}
 46299 | Spider:3 | Noticed Arachne
 46335 | Spider:3 | Killed Arachne
 46559 | Spider:3 | Learned a level 6 spell: Iron Shot
 46773 | Spider:3 | Reached skill level 15 in Fighting
 46773 | Spider:3 | Reached skill level 15 in Invocations
 47463 | Spider:4 | Entered Level 4 of the Spider Nest
 48574 | Spider:4 | Received a gift from Sif Muna
 48576 | Spider:4 | Got Sif Muna's Incunabulum of Arcane Weapons {god gift}
 48606 | Spider:4 | Reached skill level 16 in Earth Magic
 48644 | Spider:4 | Reached XP level 19. HP: 124/124 MP: 0/30
 49038 | Spider:4 | Got a gossamer rune of Zot
 49644 | Shoals:1 | Entered Level 1 of the Shoals
 49835 | Shoals:1 | Noticed Jorgrun
 50150 | Vaults:1 | Entered Level 1 of the Vaults
 50649 | Vaults:1 | Reached skill level 17 in Earth Magic
 51854 | Vaults:1 | Found a runed translucent gate.
 51854 | Vaults:1 | Found a runed translucent gate.
 51854 | Vaults:1 | Found a runed translucent gate.
 51855 | Vaults:1 | Noticed holysushi's ghost (veteran KoMo)
 52930 | Vaults:1 | Reached skill level 18 in Earth Magic
 53342 | Vaults:1 | Reached XP level 20. HP: 127/129 MP: 19/32
 53342 | Vaults:1 | Received a gift from Sif Muna
 53750 | Vaults:1 | Got Sif Muna's Guide on Glamour and Earth {god gift}
 54321 | Vaults:1 | Killed holysushi's ghost
 54330 | Vaults:1 | Identified the ring of Coatiam {Fly Str+3}
 54786 | Vaults:2 | Reached skill level 15 in Conjurations
 55338 | Vaults:2 | Reached skill level 19 in Earth Magic
 55512 | Vaults:2 | HP: 5/129 [titanic slime creature (85)]
 56101 | Vaults:2 | Found a staircase to the Crypt.
 56796 | Vaults:2 | Identified the ring "Goma" {Wiz rF+}
 57076 | Vaults:2 | Learned a level 5 spell: Fireball
 58042 | Vaults:3 | Reached skill level 20 in Earth Magic
 58135 | Vaults:3 | Reached XP level 21. HP: 84/134 MP: 1/34
 58154 | Vaults:3 | Received a gift from Sif Muna
 58155 | Vaults:3 | Reached skill level 1 in Fire Magic
 58160 | Vaults:3 | Got Sif Muna's Incunabulum of Unholy Rituals and
                  | Transmigration {god gift}
 58506 | Vaults:3 | Reached skill level 5 in Fire Magic
 59801 | Vaults:4 | Received a gift from Sif Muna
 59802 | Vaults:4 | Got Sif Muna's Handbook of Lethal Air {god gift}
 60781 | Vaults:4 | Reached skill level 10 in Fire Magic
 61592 | Crypt:1  | Entered Level 1 of the Crypt
 62012 | Crypt:1  | Found a large runed translucent door.
 62012 | Crypt:1  | Found a large runed translucent door.
 62014 | Crypt:1  | Noticed Luix's ghost (veteran MiGl)
 63448 | Crypt:2  | Reached XP level 22. HP: 142/142 MP: 10/35
 64445 | Crypt:2  | Noticed Xtahua
 64465 | Crypt:2  | Killed Xtahua
 64930 | Crypt:2  | Received a gift from Sif Muna
 65543 | Crypt:3  | Entered Level 3 of the Crypt
 65999 | Crypt:3  | Acquired Zeyxeyju's Guide on Confrontation and Sinister
                  | Arts
 66125 | Crypt:3  | Found a basalt altar of Yredelemnul.
 66128 | Crypt:3  | Identified the +3 falchion "Undertaker" {drain, *Noise Fly
                  | rF+ rC+}
 66698 | Crypt:3  | Received a gift from Sif Muna
 67281 | Crypt:3  | Reached skill level 10 in Dodging
 67706 | Crypt:3  | Found a staircase to the Tomb.
 67706 | Crypt:3  | Noticed Khufu
 67722 | Crypt:3  | Killed Khufu
 68019 | Crypt:3  | Noticed a profane servitor
 68031 | Crypt:3  | Killed a profane servitor
 68173 | Crypt:3  | Reached skill level 1 in Throwing
 68177 | Crypt:3  | Reached XP level 23. HP: 141/150 MP: 3/36
 69181 | Shoals:1 | Noticed Nikola
 69192 | Shoals:1 | Killed Nikola
 69654 | Shoals:1 | Killed Jorgrun
 69799 | Shoals:1 | Received a gift from Sif Muna
 70074 | Shoals:1 | Learned a level 5 spell: Lee's Rapid Deconstruction
 70079 | Shoals:1 | Learned a level 4 spell: Petrify
 70741 | Shoals:2 | Noticed Louise
 70753 | Shoals:2 | Killed Louise
 70754 | Shoals:2 | Reached skill level 10 in Armour
 70819 | Shoals:2 | Noticed Polyphemus
 70834 | Shoals:2 | Noticed Donald
 70842 | Shoals:2 | Killed Polyphemus
 70843 | Shoals:2 | Reached skill level 10 in Shields
 70859 | Shoals:2 | Killed Donald
 72041 | Shoals:3 | Noticed Ilsuiw
 72057 | Shoals:3 | Killed Ilsuiw
 72465 | Shoals:3 | Noticed Mara
 72478 | Shoals:3 | Noticed Pelinal's illusion
 72526 | Shoals:4 | Entered Level 4 of the Shoals
 72789 | Shoals:4 | Got a barnacled rune of Zot
 73135 | Shoals:4 | Identified the +2 scale mail of Gozag's Pride {Str+4 Int+2}
 73372 | Shoals:4 | Noticed Mlioglotl
 73376 | Shoals:4 | Killed Mlioglotl
 73376 | Shoals:4 | Received a gift from Sif Muna
 73377 | Shoals:4 | Got Sif Muna's Reference Book on Combat Magic {god gift}
 73602 | Shoals:4 | Reached skill level 5 in Throwing
 73604 | Shoals:4 | Got the Catalogue of Nocuous Illusion
 74671 | Vaults:5 | Entered Level 5 of the Vaults
 74723 | Vaults:5 | Reached XP level 24. HP: 156/156 MP: 17/36
 75029 | Vaults:5 | Noticed a dread lich
 75037 | Vaults:5 | Killed a dread lich
 75147 | Vaults:5 | Noticed a dread lich
 75153 | Vaults:5 | Killed a dread lich
 75376 | Vaults:5 | Learned a level 5 spell: Yara's Violent Unravelling
 75409 | Vaults:5 | Identified the +8 bardiche of the Insatiable Shrikes
                  | {protect, MP+9 Dex+3}
 76103 | Vaults:5 | Got the Reference Book on Dusty Translocation
 76190 | Vaults:5 | Identified the +1 leather armour of Etobosupn {*Slow +Inv
                  | rElec rN+}
 76482 | Vaults:5 | Got a silver rune of Zot
 76798 | Vaults:5 | Identified the +0 cloak "Baerchua" {rC- rCorr Dex+4 SInv}
 77239 | D:15     | Entered Level 15 of the Dungeon
 77404 | D:14     | Received a gift from Sif Muna
 77611 | D:14     | Identified the +8 battleaxe "Isoostru" {vorpal, +Blink
                  | Str+3}
 77797 | D:14     | Killed Foxy's ghost
 78288 | D:15     | Reached skill level 21 in Earth Magic
 78611 | D:15     | Found a staircase to the Depths.
 79326 | D:15     | Found Vojamu's Assorted Antiques.
 79336 | D:15     | Bought a scroll of enchant armour for 202 gold pieces
 79336 | D:15     | Bought a potion of haste for 270 gold pieces
 79336 | D:15     | Bought a scroll of torment for 202 gold pieces
 79425 | Depths:1 | Entered Level 1 of the Depths
 79445 | Depths:1 | Reached XP level 25. HP: 161/161 MP: 36/36
 79673 | Depths:1 | Found a one-way gate leading to the halls of Pandemonium.
 79754 | Depths:1 | Found a gateway to Hell.
 79851 | Depths:1 | Reached skill level 10 in Spellcasting
 79856 | Depths:1 | Received a gift from Sif Muna
 79859 | Depths:1 | Got Sif Muna's Guide on Execration and Conjuration {god
                  | gift}
 80197 | Depths:1 | Reached skill level 22 in Earth Magic
 80695 | Depths:1 | Identified the +9 quarterstaff "Xuongei" {elec, rElec
                  | Dex+2}
 80740 | Depths:1 | Identified the +1 short sword of Causality {drain, rF+
                  | Dex+6}
 80914 | Depths:1 | Found Veamax's Armour Boutique.
 80916 | Depths:1 | Found Ocsomusk's Distillery.
 80920 | Depths:1 | Found Qaokhanti's Antique Weapon Boutique.
 80925 | Depths:1 | Bought a potion of haste for 140 gold pieces
 81787 | Depths:2 | Found a one-way gateway to a ziggurat.
 81805 | Depths:2 | Reached skill level 23 in Earth Magic
 82144 | Depths:2 | Received a gift from Sif Muna
 82149 | Depths:2 | Got Sif Muna's Almanac of Venomous Malediction {god gift}
 83198 | Depths:2 | Found a sacrificial altar of Ru.
 83855 | Depths:2 | Gained mutation: Your body sometimes deteriorates upon
                  | taking damage. [a neqoxec]
 83856 | Depths:2 | Reached skill level 24 in Earth Magic
 84088 | Depths:3 | Paralysed by a floating eye for 3 turns
 84093 | Depths:3 | Learned a level 9 spell: Shatter
 84781 | Depths:3 | Found a one-way gate to the infinite horrors of the Abyss.
 85175 | Depths:3 | Reached XP level 26. HP: 150/167 MP: 16/39
 85563 | Depths:3 | Reached skill level 25 in Earth Magic
 85593 | Depths:3 | Identified the amulet "Qocyo" {Spirit rN+}
 85594 | Depths:3 | Identified the ring of Kaqi Fio {rPois rC+}
 85626 | Depths:3 | Acquired the ring "Deofonu" {rN+ Str+6 Int+4 Dex+5}
 85898 | Depths:4 | Entered Level 4 of the Depths
 85972 | Depths:4 | Noticed a juggernaut
 85981 | Depths:4 | Killed a juggernaut
 86053 | Depths:4 | Received a gift from Sif Muna
 86851 | Depths:4 | Noticed Boris
 86859 | Depths:4 | Killed Boris
 87668 | Depths:4 | Reached skill level 26 in Earth Magic
 87894 | Depths:4 | Found a gate to the Realm of Zot.
 88400 | Slime:1  | Entered Level 1 of the Pits of Slime
 88865 | Slime:5  | Entered Level 5 of the Pits of Slime
 89235 | Slime:5  | Noticed the Royal Jelly
 89253 | Slime:5  | Reached skill level 27 in Earth Magic
 89379 | Slime:5  | Killed the Royal Jelly
 89496 | Slime:5  | Identified the +0 scale mail of Brilliance {Harm Dex+2
                  | Stlth+}
 89531 | Slime:5  | Identified the +1 leather armour of Nihilism {Drain Fly
                  | Dex+4}
 89543 | Slime:5  | Identified the +10 scimitar of Distraction {vorpal, rElec
                  | Dex+2}
 89562 | Slime:5  | Identified the +5 whip of Inquiry {holy, Stlth+}
 89570 | Slime:5  | Got a slimy rune of Zot
 89991 | Lair:1   | Upgraded the game from 0.29-a0-459-g97dee8cd24 to
                  | 0.29-a0-468-ge57f7f99b4
 90353 | Depths:3 | Voluntarily entered the Abyss.
 90635 | Abyss:3  | Found a corrupted altar of Lugonu.
 91269 | Abyss:4  | Found a corrupted altar of Lugonu.
 91307 | Abyss:4  | Found a corrupted altar of Lugonu.
 91546 | Abyss:5  | Entered Level 5 of the Abyss
 91548 | Abyss:5  | Found a corrupted altar of Lugonu.
 91565 | Abyss:5  | Identified the +9 great sword "Dragon's Bane" {venom, rC+
                  | Int+2 SInv}
 91616 | Depths:3 | Escaped the Abyss
 91722 | Pan      | Entered the realm of Cerebov.
 91722 | Pan      | Entered Pandemonium
 91722 | Pan      | Found the +6 sword of Cerebov {flame}
 91722 | Pan      | Noticed Cerebov
 91785 | Pan      | Reached XP level 27. HP: 167/172 MP: 6/41
 92244 | Pan      | Learned a level 7 spell: Orb of Destruction
 92884 | Pan      | Identified the ring "Otuoxuv" {Int+2 Dex+6 SInv}
 92918 | Pan      | Reached skill level 15 in Spellcasting
 93615 | Pan      | Received a gift from Sif Muna
 93836 | Pan      | Killed Cerebov
 93893 | Pan      | Identified the +2 hat of Apathy {rElec rN++ Str+2 Int-2}
 93963 | Pan      | Got a fiery rune of Zot
 94192 | Pan      | Found a transporter.
 94297 | Pan      | Gained mutation: You are dopey. (Int -2) [a cacodemon]
 94459 | Pan      | Found a transporter.
 94463 | Pan      | Identified the ring of Doors {rElec rN++ Dex+6}
 94472 | Pan      | Identified the ring of Ohu Sehu {rPois Str+4}
 94580 | Pan      | Noticed Mennas
 94622 | Pan      | Killed Mennas
 95821 | Pan      | Learned a level 8 spell: Necromutation
 95947 | Pan      | Got the Papyrus of the Warrior-Mage
 96080 | Pan      | Noticed Tiukhlai the pandemonium lord
 96095 | Pan      | Received a gift from Sif Muna
 96104 | Pan      | Killed Tiukhlai the pandemonium lord
 96106 | Pan      | Gained mutation: Your magical capacity is low. (-10% MP) [a
                  | neqoxec]
 96110 | Pan      | Gained mutation: Your spells are a little easier to cast,
                  | but a little less powerful. [a cacodemon]
 96118 | Pan      | Gained mutation: Armour fits poorly on your strangely
                  | shaped body. [a cacodemon]
 96262 | Pan      | Lost mutation: Your spells are a little easier to cast, but
                  | a little less powerful. [potion of mutation]
 96262 | Pan      | Lost mutation: Your body sometimes deteriorates upon taking
                  | damage. [potion of mutation]
 96262 | Pan      | Lost mutation: Armour fits poorly on your strangely shaped
                  | body. [potion of mutation]
 96262 | Pan      | Gained mutation: You are covered in fur. (AC +1) [potion of
                  | mutation]
 96262 | Pan      | Gained mutation: You passively dampen the noise of your
                  | surroundings. [potion of mutation]
 96303 | Pan      | Got Sif Muna's Guide on the Glacier {god gift}
 96311 | Pan      | Got a demonic rune of Zot
 96618 | Depths:2 | Escaped Pandemonium
 96837 | Depths:3 | Voluntarily entered the Abyss.
 96843 | Abyss:1  | Noticed an ancient lich
 96845 | Abyss:1  | Killed an ancient lich
 97110 | Abyss:2  | Found a corrupted altar of Lugonu.
 97243 | Abyss:5  | Entered Level 5 of the Abyss
 97535 | Abyss:5  | Found an opulent altar of Gozag.
 98088 | Abyss:5  | Noticed an ancient lich
 98100 | Abyss:5  | Killed an ancient lich
 98209 | Depths:3 | Escaped the Abyss
 98298 | Pan      | Entered Pandemonium
 98898 | Pan      | Reached skill level 10 in Necromancy
 98985 | Pan      | Found a runed translucent door.
 98992 | Pan      | Found a runed translucent door.
 98996 | Pan      | Found a runed translucent door.
 99001 | Pan      | Found a runed translucent door.
 99008 | Pan      | Noticed Zegh the pandemonium lord
 99019 | Pan      | Reached skill level 10 in Transmutations
 99019 | Pan      | Killed Zegh the pandemonium lord
100519 | Pan      | Gained mutation: You are weak. (Str -2) [a neqoxec]
100641 | Pan      | Acquired 1291 gold pieces
100710 | Pan      | Noticed Ceddaav the pandemonium lord
100733 | Pan      | Killed Ceddaav the pandemonium lord
101276 | Pan      | Noticed Xyzuuh the pandemonium lord
101297 | Pan      | Killed from afar by Xyzuuh the pandemonium lord

Illustrated notes

Levels and vault maps discovered:
D:1:      dpeg_arrival_long_road, layout_basic, ebering_ecumenical_altar_box
D:2:      wander_river, layout_loops_corners
D:3:      layout_loops_ring, chei_slow_surprise, uniq_natasha, uniq_jessica
D:4:      layout_basic, serial_shops, kennysheep_mini_moat
D:5:      layout_layer_cave
D:6:      layout_basic, ebering_ghost_sewer_d,
          nicolae_ossuary_entry_false_entrances
D:7:      layout_loops_ring, marbit_many_paths, temple_hall,
          nicolae_shop_self_help
D:8:      layout_cave_pods, nicolae_uskayaw_murder_on_the_dancefloor,
          david_lair_generic, serial_ice, serial_ice_e, serial_ice_k,
          serial_ice_m, serial_ice_h, serial_ice_b, serial_ice_g, the_hattery,
          uniq_prince_ribbit1
D:9:      layout_small_grid, zombieorc2_lemuel, enter_bailey_2,
          chequers_mini_garden, hangedman_decor_clover_reticule
D:10:     layout_basic, lemuel_crystal_altar
D:11:     layout_stronghold, portal_ice_cave_entry_pillars_1, wad_hexagon,
          uniq_psyche
D:12:     layout_big_octagon, enter_trove_5, gauntlet_entry_generic
D:13:     layout_irregular_city, ximxim_vaults_locker_room, uniq_sonja,
          uniq_lodul
D:14:     evilmike_diamond_2, layout_layer_cave, nrook_mini_vaults,
          ebering_ghost_funeral_grove
D:15:     gammafunk_depths_entry_grave, layout_stronghold, serial_shops,
          nicolae_shop_overgrown_old_shop, st_stairs_14
Temple:   regret_index_temple_mists
Lair:1:   layout_gridlike, grunt_megastairs_5, lemuel_fruit_fields
Lair:2:   layout_loops_ring, nicolae_spider_entry_non_spiders,
          beast_lair_carwin_7, lemuel_fruit_fields
Lair:3:   layout_gridlike, shoals_dummy_entry
Lair:4:   layout_layer_cave, basic_altar, serial_bayou_shore_a
Lair:5:   layout_gridlike, slime_altar_1, nicolae_quartered_pool_impasse
Lair:6:   gammafunk_lair_ancient_temple, layout_regular_city,
          nicolae_lair_grove_arrangements, kilobyte_rumbling_trees
Shoals:1: layout_shoals, nicolae_shoals_lost_giant_temple,
          hangedman_shoals_cup_caves, uniq_jorgrun, uniq_nikola
Shoals:2: layout_shoals, nicolae_shoals_nymph_descending_staircase,
          uniq_polyphemus, uniq_donald, uniq_louise
Shoals:3: layout_shoals, uniq_ilsuiw, uniq_mara, uniq_roxanne
Shoals:4: shoals_end_hangedman, layout_shoals, uniq_mlioglotl
Spider:1: layout_spider_delve, hellmonk_watch_for_rolling_rocks
Spider:2: layout_spider_delve, hellmonk_ghost_happy_afterlife
Spider:3: layout_spider_delve, nicolae_crawler_farm, uniq_arachne
Spider:4: hellmonk_spider_rune_endless_swarm
Slime:1:  layout_caves, cheibrodos_slime_lost_civilization_4
Slime:2:  cheibrodos_slime_lost_civilization_10, layout_caves, basic_altar
Slime:3:  layout_caves
Slime:4:  layout_caves, cheibrodos_slime_lost_civilization_6
Slime:5
Orc:1:    orc_temple, layout_caves, basic_altar, serial_shops, shop_fountains,
          uniq_urug, uniq_fannar
Orc:2:    st_orc_rangers, layout_caves, basic_altar, uniq_nessos
Elf:1:    nicolae_elf_arrival_dilemma, layout_geoelf_octagon, basic_altar,
          serial_shops, nicolae_shop_stone, uniq_kirke, uniq_frances
Elf:2:    nicolae_elf_blades_splatter_lattice [nicolae_blade_little_rooms],
          layout_geoelf_octagon, basic_altar, drop_trap, chequers_big_river
Elf:3:    elf_hall, layout_loops_corners, st_stairs_5, grunt_ministairs_5
Vaults:1: gammafunk_ghost_spectres, nicolae_vaults_ninety_degrees, v_misc_16,
          ontoclasm_vaults_ligature, v_misc_10, nicolae_vaults_border_crossing,
          nicolae_vaults_three_branches, v_misc_9, vaults_room_stairs_pillars,
          vaults_dpeg_encased_lava, layout_vaults_omnigrid
Vaults:2: vaults_dpeg_hooks, ontoclasm_vaults_decontamination,
          hangedman_vaults_capsules, hangedman_vaults_river_flow,
          minmay_crypt_entry_vampire_xt, grunt_vaults_funnel,
          hangedman_vaults_stagger, st_cross, vaults_room_boxed,
          nicolae_vaults_big_angled_halls, ontoclasm_vaults_fault, v_pattern_4,
          layout_vaults_ring
Vaults:3: vaults_dpeg_diagonal, ontoclasm_vaults_eye, v_pattern_5,
          nicolae_vaults_yaktaur_gun_rack, nicolae_vaults_network_s, v_misc_30,
          nicolae_vaults_bisected_exclaves, nicolae_vaults_little_squares_3,
          vaults_room_large_hall, vaults_room_pools, ontoclasm_vaults_gateway,
          ontoclasm_vaults_loading_screen, ontoclasm_vaults_misaligned,
          layout_vaults_omnibox
Vaults:4: vaults_mumra_lcd, grunt_vaults_swirl, ontoclasm_vaults_ring_large,
          st_star, hangedman_vaults_locks, layout_vaults_big_cross
Vaults:5: serial_shops
Crypt:1:  layout_gridlike, ebering_ghost_disaster_area, grunt_ministairs_15
Crypt:2:  layout_misc_corridors, ebering_dispersal_statue_hall,
          grunt_megastairs_2, uniq_xtahua
Crypt:3:  grunt_crypt_end_deaths_head
Depths:1: layout_basic, chequers_serial_rivers_large_a, pan_entry,
          grunt_mini_vestibule, minislime_mu, minmay_shop_star
Depths:2: minmay_slanted_spiral_squares, layout_cave_pools, enter_ziggurat_e,
          grunt_pan_entry_sceptre, nicolae_ru_awakened_eye,
          pf_hell_entry_tar_spiral
Depths:3: minmay_tile_spiral, layout_basic, marbit_kobold_abyss_entry,
          hell_entry, hangedman_decor_growths, drop_trap
Depths:4: grunt_zot_entry_alcove, layout_cave_pools, minmay_misc_feat_tiny,
          hellmouth_1, serial_sigils_hangedman_writhe,
          minmay_fractal_squares_gapless_7, uniq_boris
Pan:      cerebov_grunt, layout_rooms, pan_blood_fountain_small,
          nicolae_pan_sigil_itan, gammafunk_its_a_trap, layout_chambers,
          pan_blood_fountain_2, pan_blood_fountain_small, uniq_mennas_pan,
          grunt_pan_sceptre, layout_basic, special_room
          [special_room_demon_pit], rand_demon_7, layout_pan_divisions_a
          [pan_division_quadrant_a1, pan_division_quadrant_a2,
          pan_division_quadrant_a4, pan_division_quadrant_a4,
          pan_division_octagon_box], evilmike_mini_pan_branches, layout_rooms,
          pan_blood_fountain_small, evilmike_mini_pan_diamond, layout_gridlike,
          pan_blood_fountain_small, nicolae_pan_gloorx_vloqian_1

Skill      XL: |  1  2  3  4  5  6  7  8  9 10 11 12 13 14 15 16 17 18 19 20 21 22 23 24 25 26 27 |
---------------+----------------------------------------------------------------------------------+-----
Earth Magic    | 4 5 6 7 8 9 13 15 16 18 20 21 24 27 | 27.0
Conjurations   | 2 4 5 6 7 8 10 12 14 16 17 | 17.7
Stealth        | 3 5 6 7 |  7.2
Staves         | 3 5 6 8 11 12 | 12.0
Evocations     | 2 4 5 9 10 11 | 11.5
Invocations    | 5 6 10 12 15 16 17 | 17.0
Transmutations | 5 11 | 11.5
Spellcasting   | 3 5 6 8 9 12 14 15 | 15.4
Fighting       | 6 10 11 15 16 17 18 | 18.7
Shields        | 4 7 9 11 13 | 13.6
Hexes          | 3 4 5 7 |  7.4
Translocations | 3 4 |  4.1
Dodging        | 6 9 10 11 12 | 12.8
Armour         | 4 7 9 11 13 | 13.7
Necromancy     | 3 5 11 | 11.5
Fire Magic     | 10 | 10.0
Throwing       | 1 6 |  6.0

Action                   |  1- 3 |  4- 6 |  7- 9 | 10-12 | 13-15 | 16-18 | 19-21 | 22-24 | 25-27 || total
-------------------------+-------+-------+-------+-------+-------+-------+-------+-------+-------++-------
Melee: Dagger            |     7 |       |       |       |       |       |       |       |       ||     7
       Staff             |       |       |     5 |    11 |   425 |   832 |   713 |   996 |  1834 ||  4816
       Lajatang          |       |       |    48 |   134 |       |       |       |       |       ||   182
       Punch             |       |       |       |       |     2 |       |       |       |       ||     2
Throw: Throwing net      |       |       |       |     2 |       |       |       |       |       ||     2
       Dart              |       |       |       |     7 |    10 |     7 |       |     1 |       ||    25
 Cast: Sandblast         |    49 |    58 |    21 |   164 |   199 |   148 |    20 |     3 |       ||   662
       Stone Arrow       |       |     5 |   108 |   226 |   634 |   373 |    14 |     2 |       ||  1362
       Fulminant Prism   |       |       |       |       |    29 |    18 |    67 |    17 |       ||   131
       Petrify           |       |       |       |       |     9 |     7 |       |     7 |     1 ||    24
       Passwall          |       |       |       |       |     8 |     5 |       |       |     8 ||    21
       Blink             |       |       |       |       |     4 |     1 |     2 |       |     5 ||    12
       Borgnjor's Vile C |       |       |       |       |     1 |    95 |   151 |   100 |    79 ||   426
       Iron Shot         |       |       |       |       |       |    23 |   237 |   284 |   586 ||  1130
       Iskenderun's Myst |       |       |       |       |       |       |    14 |    14 |     5 ||    33
       Polar Vortex      |       |       |       |       |       |       |     1 |     1 |     2 ||     4
       Fireball          |       |       |       |       |       |       |    16 |    18 |     7 ||    41
       Lee's Rapid Decon |       |       |       |       |       |       |       |    85 |    92 ||   177
       Chain Lightning   |       |       |       |       |       |       |       |     1 |       ||     1
       Yara's Violent Un |       |       |       |       |       |       |       |     3 |     1 ||     4
       Shatter           |       |       |       |       |       |       |       |       |   127 ||   127
       Fire Storm        |       |       |       |       |       |       |       |       |     1 ||     1
       Orb of Destructio |       |       |       |       |       |       |       |       |     9 ||     9
Invok: Channel Magic     |       |       |       |     5 |    11 |    17 |    23 |    26 |    69 ||   151
       Divine Exegesis   |       |       |       |       |       |       |     1 |     2 |     3 ||     6
 Abil: Evoke Invisibilit |       |       |       |       |       |       |       |     2 |     2 ||     4
Evoke: Wand              |       |     2 |     7 |    21 |    16 |     9 |     2 |       |     8 ||    65
       Condenser vane    |       |       |       |       |     4 |     5 |     4 |     2 |     5 ||    20
       Phantom mirror    |       |       |       |       |     5 |       |       |       |       ||     5
       Tin of tremorston |       |       |       |       |       |     2 |     7 |     1 |     5 ||    15
       Phial of floods   |       |       |       |       |       |       |     1 |       |       ||     1
       Lightning rod     |       |       |       |       |       |       |       |       |     5 ||     5
       Box of beasts     |       |       |       |       |       |       |       |       |     1 ||     1
  Use: Scroll            |     1 |     4 |     7 |    16 |    17 |     7 |     6 |     5 |    18 ||    81
       Potion            |       |       |     1 |     3 |     2 |     4 |     1 |     5 |    26 ||    42
 Stab: Petrified         |       |       |       |       |     6 |     7 |       |     2 |       ||    15
       Petrifying        |       |       |       |       |     2 |       |       |       |       ||     2
       Sleeping          |       |       |       |       |       |     4 |     5 |     3 |     4 ||    16
       Distracted        |       |       |       |       |       |     3 |     2 |     1 |    12 ||    18
       Invisible         |       |       |       |       |       |       |       |     3 |    10 ||    13
Armor: Robe              |    10 |       |    37 |   142 |   441 |       |       |       |       ||   630
       Acid dragon scale |       |       |       |       |    59 |   636 |   391 |   538 |   703 ||  2327
       Skin              |       |       |       |       |       |       |       |       |     8 ||     8
       Fire dragon scale |       |       |       |       |       |       |       |       |    96 ||    96
Dodge: Dodged            |    14 |     6 |    55 |   118 |   506 |   824 |   562 |   687 |  1068 ||  3840
Block: Buckler           |       |       |       |    42 |   384 |   679 |   427 |   360 |       ||  1892
       Kite shield       |       |       |       |       |       |       |       |   291 |  1194 ||  1485
       Reflection        |       |       |       |       |       |       |       |    34 |    15 ||    49

Table legend: (Time is in decaauts)
 A = Elapsed time spent in this place.
 B = Non-inter-level travel time spent in this place.
 C = Inter-level travel time spent in this place.
 D = Time resting spent in this place.
 E = Time spent auto-exploring this place.
 F = Levels seen in this place.
 G = Mean time per level.
                   A        B        C        D        E       F      G
               +--------+--------+--------+--------+--------+-----+--------+
         Total |  99833 |  93538 |   6295 |  27983 |  39742 |  72 | 1386.6 |
       Dungeon |  22971 |  20533 |   2438 |   4330 |  12025 |  15 | 1531.4 |
        Temple |     24 |     13 |     11 |      0 |      8 |   1 |   24.0 |
          Lair |  10926 |   9773 |   1153 |   2855 |   4759 |   6 | 1821.0 |
        Shoals |   5570 |   5362 |    208 |   1466 |   2804 |   4 | 1392.5 |
   Spider Nest |   6119 |   5944 |    175 |   1909 |   2286 |   4 | 1529.8 |
    Slime Pits |   1146 |   1111 |     35 |    356 |    171 |   5 |  229.2 |
  Orcish Mines |   3023 |   2840 |    183 |    868 |    947 |   2 | 1511.5 |
   Elven Halls |   5256 |   4934 |    322 |    947 |   2417 |   3 | 1752.0 |
        Vaults |  13885 |  12968 |    917 |   4302 |   5756 |   5 | 2777.0 |
         Crypt |   6679 |   6526 |    153 |   2723 |   2107 |   3 | 2226.3 |
        Depths |   9085 |   8390 |    695 |   2811 |   3946 |   4 | 2271.2 |
         Abyss |   2442 |   2442 |      0 |    214 |    204 |  10 |  244.2 |
   Pandemonium |   7652 |   7652 |      0 |   2404 |   1876 |   6 | 1275.3 |
       Ossuary |   1225 |   1225 |      0 |    828 |      0 |   1 | 1225.0 |
        Bailey |    726 |    726 |      0 |    334 |      0 |   1 |  726.0 |
      Ice Cave |   2523 |   2523 |      0 |   1469 |    365 |   1 | 2523.0 |
      Gauntlet |    573 |    573 |      0 |    163 |     70 |   1 |  573.0 |
               +--------+--------+--------+--------+--------+-----+--------+

Top non-repeatable levels by time:
Vaults:1: 4683 daAuts
Vaults:2: 3162 daAuts
Depths:2: 2761 daAuts
 Crypt:3: 2734 daAuts
     D:8: 2613 daAuts
   IceCv: 2523 daAuts
   Elf:3: 2432 daAuts
Vaults:4: 2327 daAuts
  Lair:6: 2286 daAuts
    D:14: 2257 daAuts
Depths:1: 2168 daAuts
Vaults:5: 2137 daAuts
 Crypt:1: 2120 daAuts
Depths:3: 2116 daAuts
    D:11: 2108 daAuts
